 Dungeon Crawl Stone Soup version 0.31-a0-198-g2ad674f65e (webtiles) character file.

Game seed: 3634689366221290942

67 qw the Shooter (level 3, 0/20 HPs)
             Began as a Deep Elf Hunter on June 25, 2023.
             Slain by Grinder (4 damage)
             ... on level 3 of the Dungeon.
             The game lasted 00:00:35 (1650 turns).

qw the Shooter (Deep Elf Hunter)                    Turns: 1650, Time: 00:00:36

Health: 0/20       AC:  9    Str: 10    XL:     3   Next: 98%
Magic:  5/5        EV:  9    Int: 13    God:
Gold:   38         SH:  0    Dex: 22    Spells: 2/2 levels left

rFire   . . .        Y - +0 shortbow
rCold   . . .        (shield currently unavailable)
rNeg    . . .        k - +1 scale mail of Filth {Dex+4}
rPois   .            e - +1 hat
rElec   .            d - +0 cloak
rCorr   .            (no gloves)
SInv    .            (no boots)
Will    .....        (no amulet)
Stlth   +            (no ring)
HPRegen 0.23/turn    (no ring)
MPRegen 0.09/turn

%: no passive effects
@: about to teleport
A: no striking features
a: no special abilities


You were on level 3 of the Dungeon.
You visited 1 branch of the dungeon, and saw 3 of its levels.

You collected 38 gold pieces.


   Skills:
 - Level 1.5 Fighting
 + Level 7.4 Ranged Weapons
 - Level 2.4 Dodging
 - Level 1.2 Stealth


You had 2 spell levels left.
You didn't know any spells.
Your spell library was empty.

Inventory:

Hand Weapons
 Y - a +0 shortbow (weapon)
Armour
 d - a +0 cloak (worn)
 e - a +1 hat (worn)
 k - the +1 scale mail of Filth (worn) {Dex+4}
   (You found it on level 2 of the Dungeon)

   Dex:       It affects your dexterity (+4).
Potions
 c - a potion of berserk rage {unknown}
 f - a potion of curing {unknown}
 g - a potion of degeneration {unknown}
 i - a potion of haste
 l - a potion of lignification {unknown}
 m - a potion of enlightenment {unknown}

Dungeon Overview and Level Annotations

Branches:
Dungeon (3/15)

Altars:
Elyvilon

Shops:
D:1 (

Annotations:
D:3 Grinder


Message History

Done exploring.
(D) Dungeon
Where to? (* - list waypoints, Enter - D:2, ? - help)
What level of the Dungeon? (default 1, ? - help)
Your extra speed is starting to run out.
There is a stone staircase leading down here.
You climb downwards.
There is a stone staircase leading up here.
A frilled lizard is nearby!
Waypoint 2 assigned to D:3.
You shoot an arrow.
The arrow closely misses the frilled lizard.
You shoot an arrow. The arrow hits the frilled lizard!
You kill the frilled lizard!
You feel yourself slow down.
There is a stone staircase leading up here.
A giant cockroach comes into view.
You shoot an arrow. The arrow hits the giant cockroach.
You kill the giant cockroach!
You see here a giant cockroach corpse.
Grinder comes into view.
Found a stone staircase leading down.
Grinder shouts!
You shoot an arrow.
The arrow hits Grinder but does no damage.
You shoot an arrow. The arrow barely misses Grinder.
Grinder gestures at you. Pain shoots through your body!
Ouch! That really hurt!
You shoot an arrow. The arrow hits Grinder.
Grinder is lightly wounded.
Grinder gestures at you. Pain shoots through your body!
1648 ||| READING scroll of teleportation.
As you read the scroll of teleportation, it crumbles to dust.
You feel strangely unstable.
You shoot an arrow. The arrow hits Grinder!
Grinder is moderately wounded.
You shoot an arrow. The arrow closely misses Grinder.
Grinder hits you.
You die...

#########
#.......##
#.###....# #.#
#.#..#
#.###.#..#####...
#........@5.....>
#####.########...
#..# #%## #.# #.#
#.# #.### #.#.##


You could see Grinder.

Vanquished Creatures
  2 adders (D:2)
  A worm (D:2)
  5 endoplasms
  2 giant cockroaches
  8 goblins
  3 hobgoblins
  2 jackals (D:1)
  A quokka (D:1)
  3 bats
  3 frilled lizards
  6 kobolds
  7 rats
43 creatures vanquished.

Notes
Turn   | Place    | Note
-------+----------+-------------------------------------------
     0 | D:1      | qw the Deep Elf Hunter began the quest for the Orb.
     0 | D:1      | Reached XP level 1. HP: 12/12 MP: 3/3
     0 | D:1      | 0 ||| qw: Version: 0.3-a-22-g0ed2b0b
     0 | D:1      | 0 ||| qw: Game counter: 4968
     0 | D:1      | 0 ||| qw: Melee chars always use a shield: true
     0 | D:1      | 0 ||| qw: God list: Okawaru
     0 | D:1      | 0 ||| qw: Allow faded altars: false
     0 | D:1      | 0 ||| qw: Do Orc after clearing Dungeon:15 true
     0 | D:1      | 0 ||| qw: Do second Lair branch before Depths: true
     0 | D:1      | 0 ||| qw: Lair rune preference: random
     0 | D:1      | 0 ||| qw: Goals: Normal
     0 | D:1      | 0 ||| PLANNING D:1-11
   166 | D:1      | Reached XP level 2. HP: 16/16 MP: 4/4
   178 | D:1      | Reached skill level 6 in Ranged Weapons
   252 | D:1      | Found Guimuroho's Weapon Boutique.
   262 | D:1      | 262 ||| SHOPLISTING +0 arbalest (63 gold, have 8).
   262 | D:1      | 262 ||| SHOPLISTING +8 longbow "Zephyr" {speed, Dex+3 SInv}
                  | (1078 gold, have 8).
   510 | D:1      | Reached XP level 3. HP: 20/20 MP: 5/5
   820 | D:1      | 820 ||| UPGRADING to +0 cloak.
   825 | D:1      | 825 ||| UPGRADING to +1 hat.
   830 | D:1      | 830 ||| UPGRADING to +0 ring mail.
   840 | D:1      | 840 ||| DROPPING +0 leather armour.
   841 | D:1      | 841 ||| READING scroll labelled ORULOO PINE.
   846 | D:1      | 846 ||| READING 2 scrolls labelled WENITS XEVVIDGH.
   847 | D:1      | 847 ||| READING scroll labelled YRARIY SIPOUPO.
   848 | D:1      | 848 ||| READING scroll labelled LENWABR POAM.
   849 | D:1      | 849 ||| DROPPING scroll of butterflies.
   850 | D:1      | 850 ||| DROPPING scroll of amnesia.
   852 | D:1      | 852 ||| Stepping ~*~*~tactically~*~*~ (cloud).
   854 | D:1      | HP: 5/20 [poisoned by you (poison gas)]
   858 | D:1      | HP: 2/20 [poisoned by you (poison gas)]
  1008 | D:2      | Found a white marble altar of Elyvilon.
  1314 | D:2      | Identified the +1 scale mail of Filth {Dex+4}
  1348 | D:2      | Reached skill level 7 in Ranged Weapons
  1550 | D:2      | 1550 ||| UPGRADING to +1 scale mail of Filth {Dex+4}.
  1560 | D:2      | 1560 ||| DROPPING +0 ring mail.
  1561 | D:2      | 1561 ||| READING scroll labelled EPSAIN CISU.
  1562 | D:2      | 1562 ||| READING scroll labelled HOANLA RIECA.
  1563 | D:2      | 1563 ||| DRINKING 2 yellow potions.
  1644 | D:3      | Noticed Grinder
  1647 | D:3      | HP: 3/20 [Grinder/nerve-wracking pain (5)]
  1648 | D:3      | 1648 ||| READING scroll of teleportation.
  1650 | D:3      | Slain by Grinder

Levels and vault maps discovered:
D:1:      dpeg_arrival_rooms_b, layout_loops_ring, serial_forest,
          infiniplex_forest_pool, infiniplex_forest_lined_3_way,
          infiniplex_forest_diagonal, infiniplex_forest_3_way,
          infiniplex_forest_clump_tiny, serial_shops, shop
D:2:      layout_loops_ring, basic_altar
D:3:      layout_loops_corners, lemuel_doored_altar, guppyfry_early_lair_pool,
          uniq_grinder

Skill      XL: |  1  2  3 |
---------------+----------+-----
Ranged Weapons | 6 7 |  7.4
Fighting       | |  1.5
Dodging        | |  2.4
Stealth        | |  1.2

Action                     || total
---------------------------++-------
   Fire: Shortbow          ||   120
    Use: Scroll            ||     7
         Potion            ||     1
 Armour: Leather armour    ||     8
         Ring mail         ||     9
  Dodge: Dodged            ||    20

Table legend:
 A = Non-vault XP
 B = Vault XP
 C = Vault XP percentage of total XP
 D = Non-vault monster count
 E = Vault monster count
 F = Vault count percentage of total count
                 A         B        C        D         E       F
            +---------+---------+-------+---------+---------+-------
      Total |      96 |       0 |   0.0 |      43 |       0 |   0.0
            +---------+---------+-------+---------+---------+-------
        D:1 |      45 |       0 |   0.0 |      28 |       0 |   0.0
        D:2 |      48 |       0 |   0.0 |      13 |       0 |   0.0
        D:3 |       3 |       0 |   0.0 |       2 |       0 |   0.0
            +---------+---------+-------+---------+---------+-------
